 Dungeon Sprint DCSS version 0.19.0-11-g3fc08b3 (webtiles) character file.

54 equalderp2856 the Scratcher (level 3, -8/18 HPs)
             Began as a Felid Fighter on Nov 9, 2016.
             Mangled by a wolf (9 damage)
             ... in the Dungeon (Sprint VII: "The Pits").
             The game lasted 00:01:25 (489 turns).

equalderp2856 the Scratcher (Felid Fighter)          Turns: 489, Time: 00:01:26

Health: -8/18      AC:  1    Str: 13    XL:     3   Next: 66%
Magic:  4/4        EV: 20    Int:  9    God:
Gold:   0          SH:  0    Dex: 15    Spells: 0 memorised, 2 levels left
                                        Lives:  0   Deaths: 0

rFire  . . .     SeeInvis +       - Unarmed
rCold  . . .     Gourm    .     (armour unavailable)
rNeg   . . .     Faith    .     (shield unavailable)
rPois  .         Spirit   .     (helmet unavailable)
rElec  .         Reflect  .     (cloak unavailable)
rCorr  .         Harm     .     (gloves unavailable)
MR     .....     NoTele   +     (boots unavailable)
Stlth  +++.......               (no amulet)
                                (no ring)
                                (no ring)

@: quick
A: no armour, no weapons or thrown items, stealth, claws 1, fangs 3, see
invisible, carnivore 3, speed 1, shaggy fur 1, slow metabolism 1, sharp paws
a: no special abilities


You were in the Dungeon.
You were not hungry.

You visited 1 branch

Inventory:

Scrolls
 h - a scroll of blinking
 j - 3 scrolls of remove curse
 k - 5 scrolls of amnesia
 l - a scroll of summoning
Potions
 a - a potion of might
 c - 6 potions of curing
 d - 6 potions of heal wounds
 e - a potion of haste
 f - 4 potions of magic
 g - 3 potions of berserk rage
 i - 2 potions of invisibility
Comestibles
 b - 8 meat rations


   Skills:
 + Level 4.1 Fighting
 + Level 5.0 Dodging
 + Level 3.4 Stealth
 + Level 6.9 Unarmed Combat


You had 2 spell levels left.
You didn't know any spells.

Dungeon Overview and Level Annotations

Branches:
Dungeon (1/1)

Altars:
Cheibriados
Dithmenos
Elyvilon
Fedhas
Gozag
Hepliaklqana
Kikubaaqudgha
Makhleb
Nemelex Xobeh
Okawaru
Qazlal
Ru
Sif Muna
Trog
Uskayaw
Vehumet
Yredelemnul
Zin
The Shining One
Beogh
Jiyva


Innate Abilities, Weirdness & Mutations

You cannot wear armour.
You are incapable of wielding weapons or throwing items.
Your paws allow you to move quietly. (Stealth)
You have sharp claws.
You have razor-sharp teeth.
You have supernaturally acute eyesight. (SInv)
You are carnivorous and can eat meat at any time.
You cover ground quickly.
You are covered in fur. (AC +1)
You have a slow metabolism.
Your sharp claws are effective at attacking unaware monsters.


Message History

You completely miss Terence.
The orc shouts!
Your bite misses Terence.
Terence is almost dead.
The floating eye moves out of view.
Terence hits you with a flail of holy wrath!
Ouch! That really hurt!
* * * LOW HITPOINT WARNING * * *
You completely miss Terence. Your bite misses Terence.
Terence is almost dead.
The leopard gecko hisses angrily.
You claw Terence!
You kill Terence!
Your Fighting skill increases to level 4!
Your Dodging skill increases to level 5!
Your Stealth skill increases to level 3!
The wolf misses you. The wolf bites you!
Ouch! That really hurt!
You die...

######)))#.##.....
#%?(.')))'.##.....
##########.##.....
#...........'.....
#'#####'#####.....
#.#[[#.....##.....
#.#))#####'#####'#
#.#))#.....##.....
#@#))#.....##.....
#h#..###)####.....
#.##'#.....##...<.
#o#........##.....
#o#........##.....
#o###########.....
#.l# ###### #.G..
##.#.#


You could see a wolf, a floating eye, an orc wizard, 2 orcs and a leopard gecko.

Vanquished Creatures
  Terence (D)
  An ufetubus (D)
  3 oozes (D)
  An adder zombie (D)
  A bat (D)
  2 giant cockroaches (D)
  A kobold (D)
10 creatures vanquished.

Notes
Turn   | Place    | Note
-------+----------+-------------------------------------------
     0 | D        | equalderp2856 the Felid Fighter began the quest for the Orb.
     0 | D        | Reached XP level 1. HP: 10/10 MP: 2/2
    22 | D        | Found a radiant altar of Vehumet.
    22 | D        | Found a hide-covered altar of Uskayaw.
    22 | D        | Found an ancient bone altar of Kikubaaqudgha.
    22 | D        | Found a viscous altar of Jiyva.
    22 | D        | Found a hazy altar of Hepliaklqana.
    23 | D        | Found a bloodstained altar of Trog.
    23 | D        | Found a deep blue altar of Sif Muna.
    23 | D        | Found a sacrificial altar of Ru.
    23 | D        | Found a stormy altar of Qazlal.
    23 | D        | Found an iron altar of Okawaru.
    23 | D        | Found a sparkling altar of Nemelex Xobeh.
    23 | D        | Found an opulent altar of Gozag.
    23 | D        | Found a blossoming altar of Fedhas.
    23 | D        | Found a white marble altar of Elyvilon.
    23 | D        | Found a shadowy altar of Dithmenos.
    23 | D        | Found a snail-covered altar of Cheibriados.
    24 | D        | Found a glowing golden altar of the Shining One.
    24 | D        | Found a glowing silver altar of Zin.
    25 | D        | Found a burning altar of Makhleb.
    25 | D        | Found a basalt altar of Yredelemnul.
    25 | D        | Found a roughly hewn altar of Beogh.
    83 | D        | Reached skill level 5 in Unarmed Combat
   191 | D        | Reached skill level 1 in Stealth
   191 | D        | Reached XP level 2. HP: 8/14 MP: 3/3
   286 | D        | Reached skill level 6 in Unarmed Combat
   291 | D        | Reached XP level 3. HP: 9/18 MP: 4/4
   462 | D        | Noticed Terence
   470 | D        | Noticed a wolf
   484 | D        | Noticed a floating eye
   486 | D        | Killed Terence
   486 | D        | Reached skill level 5 in Dodging
   489 | D        | Mangled by a wolf

Skill      XL: |  1  2  3 |
---------------+----------+-----
Unarmed Combat | 5 6 |  6.9
Stealth        | 1 2 3 |  3.4
Fighting       | 4 |  4.1
Dodging        | 5 |  5.0

Action                   || total
-------------------------++-------
Melee: Unarmed           ||    32
       Bite              ||     2
       Punch             ||     1
 Stab: Sleeping          ||     4
  Eat: Chunk             ||     1
Dodge: Dodged            ||    14
